 Dungeon Crawl Stone Soup version 0.30-a0-371-gad7725a93e (webtiles) character file.

Game seed: 7245610534218252889

20213 JOEMAMA2 the Fighter (level 12, -3/115 HPs)
             Began as a Minotaur Berserker on Nov 20, 2022.
             Was an Elder of Trog.
             Killed from afar by an electric eel (10 damage)
             ... with a bolt of electricity
             ... on level 1 of the Lair of Beasts.
             The game lasted 00:25:28 (12871 turns).

JOEMAMA2 the Fighter (Minotaur Berserker)          Turns: 12871, Time: 00:25:29

Health: -3/115     AC: 17    Str: 27    XL:     12   Next: 43%
Magic:  11/11      EV: 11    Int:  4    God:    Trog [****..]
Gold:   658        SH:  0    Dex: 10    Spells: 11/11 levels left

rFire   + . .      SeeInvis .    v - +9 lance "Wyrmbane" {slay drac, rPois rF+ rC+ AC+3}
rCold   + . .      Faith    .    (no shield)
rNeg    . . .      Spirit   .    f - +1 chain mail
rPois   +          Reflect  .    (helmet restricted)
rElec   .          Harm     .    y - +0 cloak
rCorr   .          Rampage  .    (no gloves)
Will    .....                    (no boots)
Stlth   ..........               (no amulet)
HPRegen 0.39/turn                (no ring)
MPRegen 0.12/turn                (no ring)

@: studying Invocations
A: horns 2, retaliatory headbutt
a: Renounce Religion, Berserk, Trog's Hand, Brothers in Arms


You were on level 1 of the Lair of Beasts.
You worshipped Trog.
Trog was greatly pleased with you.
You visited 2 branches of the dungeon, and saw 13 of its levels.

You collected 658 gold pieces.

Inventory:

Hand Weapons
 b - a +2 scythe of protection
 v - the +9 lance "Wyrmbane" (weapon) {slay drac, rPois rF+ rC+ AC+3}
   (You took it off Maggie on level 6 of the Dungeon)

   It inflicts extra damage against dragons and draconians.
   AC:        It affects your AC (+3).
   rF:        It protects you from fire.
   rC:        It protects you from cold.
   rPois:     It protects you from poison.
Missiles
 C - 2 throwing nets (quivered)
Armour
 c - +0 steam dragon scales
 f - a +1 chain mail (worn)
 y - a +0 cloak (worn)
Jewellery
 E - a ring of magical power
Wands
 o - a wand of roots (14)
 r - a wand of charming (20)
 t - a wand of flame (34)
 x - a wand of light (7)
 B - a wand of mindburst (10)
Scrolls
 a - a scroll of immolation {unknown}
 e - a scroll of fear {unknown}
 h - 5 scrolls of teleportation
 j - 6 scrolls of identify
 k - 3 scrolls of enchant armour
 q - 3 scrolls of brand weapon
 s - 2 scrolls of silence
 z - a scroll of poison
 A - 2 scrolls of enchant weapon
Potions
 d - 2 potions of invisibility
 g - a potion of degeneration {unknown}
 i - 3 potions of haste
 l - a potion of berserk rage
 m - 6 potions of curing
 n - a potion of resistance
 p - a potion of might
 u - 2 potions of cancellation {unknown}
 w - 2 potions of flight {unknown}
 D - a potion of mutation {unknown}


   Skills:
 * Level 13.3 Fighting
 + Level 12.5(14.1) Axes
 * Level 10.7(13.2) Polearms
 + Level 10.5 Armour
 + Level 9.2 Dodging
 - Level 0.4 Stealth


You had 11 spell levels left.
You didn't know any spells.
Your spell library was empty.

Dungeon Overview and Level Annotations

Branches:
Dungeon (12/15)            Temple (0/1) D:5            Lair (1/5) D:11
    Orc (0/2) D:11

Altars:
Cheibriados
Makhleb
Qazlal
Ru
Uskayaw

Shops:
D:8 (*[*   D:12 (

Annotations:
D:11 exclusion: orange crystal statue


Innate Abilities, Weirdness & Mutations

You have a pair of horns on your head.
You reflexively headbutt those who attack you in melee.


Message History

a +0 scimitar of flaming; a +0 robe; the human corpse of Erica Reach: v) +9 lance "Wyrmbane" {slay drac, rPois rF+ rC+ AC+3}
Press: ? - help, Dir - move target
Okay, then.
Found a rapier.
The electric eel shoots out a bolt of lightning at you!
The bolt of electricity hits the electric eel.
The electric eel completely resists.
The bolt of electricity misses you.
The electric eel shoots out a bolt of lightning at you!
The bolt of electricity hits you.
* * * LOW HITPOINT WARNING * * *
Reach: v) +9 lance "Wyrmbane" {slay drac, rPois rF+ rC+ AC+3}
Press: ? - help, Dir - move target, f - electric eel
Aim: an electric eel (water, about 35% to evade the +9 lance "Wyrmbane")
You reach to attack!
You puncture the electric eel!
You kill the electric eel!
Trog accepts your kill.
Reach: v) +9 lance "Wyrmbane" {slay drac, rPois rF+ rC+ AC+3}
Press: ? - help, Dir - move target, f - electric eel
Aim: an electric eel (water, about 35% to evade the +9 lance "Wyrmbane")
You reach to attack!
You miss the electric eel.
Reach: v) +9 lance "Wyrmbane" {slay drac, rPois rF+ rC+ AC+3}
Press: ? - help, Dir - move target, f/p - electric eel
Aim: an electric eel (water, about 35% to evade the +9 lance "Wyrmbane")
You reach to attack!
You closely miss the electric eel.
Reach: v) +9 lance "Wyrmbane" {slay drac, rPois rF+ rC+ AC+3}
Press: ? - help, Dir - move target, f/p - electric eel
Aim: an electric eel (water, about 35% to evade the +9 lance "Wyrmbane")
You reach to attack!
You puncture the electric eel!
The electric eel is heavily wounded.
The electric eel shoots out a bolt of lightning at you!
The bolt of electricity hits you!
* * * LOW HITPOINT WARNING * * *
You feel better.
The electric eel shoots out a bolt of lightning at you!
The bolt of electricity hits you.
* * * LOW HITPOINT WARNING * * *
The electric eel shoots out a bolt of lightning at you!
The bolt of electricity hits you!
You die...

#..........
##..........
##.........~. #
#........≈≈≈.
#.###.#.....≈≈?≈≈
#.....#....≈≈≈.>≈
#.##......$S≈.=.)
#...†.).)@.S≈≈.≈.
####..#......≈≈.≈
#..#......≈...
#.##.$........
#.##..........
##.####........
#..P# ##.......
##.## ..###..
#..#


You could see 2 electric eels.

Vanquished Creatures
  Harold (D:11)
  A boulder beetle (D:12)
  Erica (Lair:1)
  3 two-headed ogres
  3 skeletal warriors (D:12)
  2 orc knights (D:11)
  Pikel (D:6)
  A deep elf pyromancer (D:12)
  2 ugly things (D:12)
  A cyclops (D:11)
  Maurice (D:11)
  2 manticores
  A gargoyle (D:12)
  An unseen horror (D:12)
  Maggie (D:6)
  2 kobold demonologists (D:11)
  3 trolls
  Grinder (D:4)
  5 slime creatures
  Sigmund (D:4)
  11 yaks
  3 wyverns
  2 vampires
  A wraith (D:12)
  Grum (Lair:1)
  Menkaure (D:4)
  2 steam dragons
  3 vampire mosquitoes (D:12)
  An acid dragon (D:11)
  6 orc warriors
  An ogre (D:5)
  3 ice beasts
  A sky beast (D:8)
  2 wolves (Lair:1)
  4 centaurs
  A phantom (D:5)
  A lemure (D:6)
  2 gnoll sergeants
  7 bullfrogs
  3 necrophages
  5 wights (D:9)
  4 killer bees (D:9)
  4 howler monkeys
  An electric eel (Lair:1)
  13 orc priests
  2 jellies
  Crazy Yiuf (D:4)
  A gnoll bouda (D:10)
  2 hounds (D:7)
  An iron imp (D:5)
  10 orc wizards
  5 iguanas
  17 gnolls
  4 adders
  2 shadow imps
  A worm (D:2)
  3 dart slugs
  41 orcs
  3 ball pythons
  3 endoplasms
  3 giant cockroaches
  13 goblins
  4 hobgoblins
  3 jackals (D:3)
  2 quokkas
  4 bats
  A frilled lizard (D:2)
  5 kobolds
  3 rats
251 creatures vanquished.

Vanquished Creatures (collateral kills)
  2 slime creatures (D:12)
2 creatures vanquished.

Vanquished Creatures (others)
  2 fungi
2 creatures vanquished.

Grand Total: 255 creatures vanquished

Notes
Turn   | Place    | Note
-------+----------+-------------------------------------------
     0 | D:1      | JOEMAMA2 the Minotaur Berserker began the quest for the
                  | Orb.
     0 | D:1      | Reached XP level 1. HP: 19/19 MP: 0/0
   189 | D:1      | Reached XP level 2. HP: 14/27 MP: 1/1
   860 | D:2      | Reached skill level 4 in Fighting
  1179 | D:2      | Reached ** piety under Trog
  1241 | D:2      | Reached XP level 3. HP: 33/33 MP: 2/2
  1924 | D:3      | Reached XP level 4. HP: 38/41 MP: 3/3
  2019 | D:3      | Found a burning altar of Makhleb.
  2128 | D:4      | Reached skill level 5 in Axes
  2194 | D:4      | Identified the +2 dagger "Koxtiv" {pain, Drain Will+ Int+6}
  2200 | D:4      | Reached XP level 5. HP: 47/47 MP: 4/4
  2457 | D:4      | You fall into a shaft and drop 3 floors!
  2458 | D:7      | Noticed a centaur
  2471 | D:7      | Killed a centaur
  2472 | D:7      | Reached skill level 5 in Fighting
  2472 | D:7      | Reached XP level 6. HP: 36/56 MP: 5/5
  3075 | D:7      | Noticed an ice beast
  3080 | D:7      | Killed an ice beast
  3081 | D:7      | Reached XP level 7. HP: 60/61 MP: 6/6
  3114 | D:7      | Reached skill level 5 in Armour
  3275 | D:7      | Found a sacrificial altar of Ru.
  3504 | D:7      | Noticed a slime creature
  3519 | D:7      | Killed a slime creature
  3522 | D:7      | Reached XP level 8. HP: 32/70 MP: 7/7
  3525 | D:7      | Reached skill level 6 in Fighting
  3779 | D:6      | Reached *** piety under Trog
  3806 | D:6      | Noticed Maggie
  3819 | D:5      | Entered Level 5 of the Dungeon
  4241 | D:6      | Killed Maggie
  4242 | D:6      | Reached skill level 7 in Fighting
  4390 | D:6      | Found a hide-covered altar of Uskayaw.
  4734 | D:6      | Noticed Pikel
  4744 | D:6      | Reached skill level 5 in Dodging
  4744 | D:6      | Killed Pikel
  4745 | D:6      | Reached skill level 10 in Axes
  4745 | D:6      | Reached XP level 9. HP: 81/81 MP: 8/8
  4940 | D:6      | Reached skill level 8 in Fighting
  5110 | D:8      | Found Vittur's Assorted Antiques.
  5116 | D:8      | Found a stormy altar of Qazlal.
  5276 | D:8      | Reached skill level 1 in Polearms
  5529 | D:8      | Found Soyzaoc's Assorted Antiques.
  5653 | D:8      | Found Efriocir's Weapon Boutique.
  5738 | D:8      | Found Desu's Antique Armour Emporium.
  6024 | D:5      | Found a staircase to the Ecumenical Temple.
  6085 | D:5      | Found a snail-covered altar of Cheibriados.
  6282 | D:5      | Reached skill level 9 in Fighting
  6306 | D:5      | Reached XP level 10. HP: 71/91 MP: 9/9
  6878 | D:4      | Noticed Menkaure
  6882 | D:4      | Killed Menkaure
  6983 | D:4      | Found the +7 staff of the Meek {protect, meekguard}
  7001 | D:4      | Noticed Sigmund
  7009 | D:4      | Killed Sigmund
  7009 | D:4      | Reached **** piety under Trog
  7050 | D:4      | Noticed Grinder
  7051 | D:4      | Paralysed by Grinder for 5 turns
  7061 | D:4      | Killed Grinder
  7062 | D:4      | Reached skill level 5 in Polearms
  7767 | D:4      | Found a runed translucent door.
  7768 | D:4      | Noticed Crazy Yiuf
  7772 | D:4      | Killed Crazy Yiuf
  8170 | D:9      | Reached skill level 10 in Fighting
  8875 | D:10     | Entered Level 10 of the Dungeon
  9955 | D:11     | Noticed a cyclops
  9965 | D:11     | Killed a cyclops
  9966 | D:11     | Reached skill level 11 in Fighting
  9966 | D:11     | Reached XP level 11. HP: 102/102 MP: 10/10
 10020 | D:11     | Noticed an orange crystal statue
 10101 | D:11     | Noticed an orc knight
 10104 | D:11     | Noticed an orc knight
 10121 | D:11     | Killed an orc knight
 10139 | D:11     | Killed an orc knight
 10144 | D:11     | Reached ***** piety under Trog
 10161 | D:11     | Found a staircase to the Orcish Mines.
 10312 | D:11     | Noticed a two-headed ogre
 10319 | D:11     | Killed a two-headed ogre
 10440 | D:11     | Found a staircase to the Lair.
 10632 | D:11     | Noticed Harold
 10638 | D:11     | Killed Harold
 10654 | D:11     | Noticed a two-headed ogre
 10666 | D:11     | Killed a two-headed ogre
 10667 | D:11     | Reached skill level 12 in Fighting
 10963 | D:11     | Noticed Maurice
 10974 | D:11     | Killed Maurice
 11386 | D:12     | Noticed a purple ugly thing
 11394 | D:12     | Killed a purple ugly thing
 11439 | D:12     | Reached skill level 10 in Armour
 11466 | D:12     | Reached XP level 12. HP: 81/113 MP: 11/11
 11632 | D:12     | Found Azadavou's Antique Weapon Boutique.
 11652 | D:12     | Noticed a boulder beetle
 11669 | D:12     | Killed a boulder beetle
 11751 | D:12     | Reached skill level 10 in Polearms
 11769 | D:12     | Reached skill level 13 in Fighting
 12646 | D:12     | Noticed a two-headed ogre
 12652 | D:12     | Killed a two-headed ogre
 12810 | Lair:1   | Entered Level 1 of the Lair of Beasts
 12833 | Lair:1   | Noticed Grum
 12850 | Lair:1   | Killed Grum
 12851 | Lair:1   | Noticed Erica
 12864 | Lair:1   | Killed Erica
 12870 | Lair:1   | HP: 5/115 [electric eel/bolt of electricity (17)]
 12871 | Lair:1   | Killed from afar by an electric eel

Illustrated notes

Levels and vault maps discovered:
D:1:      lemuel_arrival_cross, layout_loops_ring
D:2:      kennysheep_the_goblin_king, layout_basic
D:3:      layout_basic, mainiacjoe_overflow_alcove_1,
          hangedman_abyss_or_decor_stabs
D:4:      layout_layer_cave, pf_guarded_unrand_meek, uniq_sigmund,
          uniq_crazy_yiuf_cottage, uniq_menkaure, uniq_grinder
D:5:      layout_gridville, slow_altar_2, minmay_temple_entry_waves,
          nicolae_concentric_dashed_squares_mild
D:6:      layout_basic, general_overflow_altar,
          minmay_a_box_with_orc_wizards_in_it, uniq_pikel, uniq_maggie
D:7:      layout_basic, nicolae_ru_path_of_blood, eino_curves_04,
          minmay_manual_moon
D:8:      layout_cave_pools, nicolae_qazlal_scattered_showers, serial_shops,
          shop_statue, nicolae_stop_n_shop_1, nicolae_lakefront_shop,
          nicolae_shop_hallway_stairs, kennysheep_minor_cross, hex_large
D:9:      layout_stronghold, minivault_24
D:10:     layout_cave_pods
D:11:     layout_irregular_city, lair_entry_dummy, david_orc_5, minivault_16,
          uniq_maurice, uniq_harold
D:12:     layout_cave_pods, serial_shops, shop
Lair:1:   layout_loops_ring, gammafunk_ghost_grave, disabler_island, uniq_grum,
          uniq_erica

Skill      XL: |  1  2  3  4  5  6  7  8  9 10 11 12 |
---------------+-------------------------------------+-----
Fighting       | 4 5 7 9 11 12 13 | 13.3
Axes           | 4 5 6 7 9 10 11 12 | 12.5
Armour         | 3 4 5 7 8 10 | 10.5
Dodging        | 3 5 6 7 8 9 |  9.2
Polearms       | 4 7 9 10 | 10.7
Stealth        | |  0.4

Action                   |  1- 3 |  4- 6 |  7- 9 | 10-12 || total
-------------------------+-------+-------+-------+-------++-------
Melee: Hand axe          |    69 |    30 |       |       ||    99
       Headbutt          |    10 |     3 |    29 |    72 ||   114
       Punch             |       |     1 |     1 |     1 ||     3
       War axe           |       |    12 |    55 |       ||    67
       Lance             |       |       |   141 |   442 ||   583
Invok: Berserk           |     1 |     3 |     5 |    11 ||    20
       Brothers in Arms  |       |       |       |     1 ||     1
  Use: Scroll            |     1 |       |    12 |     3 ||    16
       Potion            |       |       |       |     3 ||     3
Armor: Animal skin       |     4 |       |       |       ||     4
       Chain mail        |    23 |    29 |    68 |    86 ||   206
Dodge: Dodged            |    25 |    23 |    70 |    90 ||   208

Table legend: (Time is in decaauts)
 A = Elapsed time spent in this place.
 B = Non-inter-level travel time spent in this place.
 C = Inter-level travel time spent in this place.
 D = Time resting spent in this place.
 E = Time spent auto-exploring this place.
 F = Levels seen in this place.
 G = Mean time per level.
                   A        B        C        D        E       F      G
               +--------+--------+--------+--------+--------+-----+--------+
         Total |  12851 |  12198 |    653 |   1807 |   8939 |  13 |  988.5 |
       Dungeon |  12806 |  12154 |    652 |   1807 |   8918 |  12 | 1067.2 |
          Lair |     44 |     44 |      0 |      0 |     21 |   1 |   44.0 |
               +--------+--------+--------+--------+--------+-----+--------+

Top non-repeatable levels by time:
    D:12: 1667 daAuts
     D:4: 1471 daAuts
     D:7: 1385 daAuts
     D:5: 1228 daAuts
    D:11: 1184 daAuts
     D:6: 1029 daAuts
     D:9: 912 daAuts
     D:8: 896 daAuts
    D:10: 859 daAuts
     D:1: 846 daAuts
     D:3: 683 daAuts
     D:2: 641 daAuts
  Lair:1: 44 daAuts
